NCAA
CREIGHTON BLUE JAYS @ WAKE FOREST DEMON DEACONS
05/03/2027
 
TOP OF THE 1ST
Creighton Blue Jays batting - Pitching for Wake Forest Demon Deacons : RHP Lloyd Jones
Pitching: RHP Lloyd Jones
Batting: LHB Marcos Torres 0-0: Ball
1-0: Ball
2-0: Called Strike
2-1: Foul Ball, location: 2F
2-2: Ball
3-2: Strikes out looking
Batting: RHB Carlos Gómez 0-0: Ball
1-0: SINGLE (Groundball, 3D)
Batting: LHB Brady Phillips 0-0: Ball
1-0: Ball
2-0: Swinging Strike
2-1: Foul Ball, location: 2F
2-2: Fielders Choice at 2nd, 4-6 (Groundball, 4)
Batting: RHB Terry Collins 0-0: Called Strike
0-1: Ball
1-1: Ball
2-1: Foul Ball, location: 2F
2-2: TRIPLE (Line Drive, 8LXD)
Brady Phillips scores
Batting: LHB Pedro Oropesa 0-0: Called Strike
0-1: Ball
1-1: Swinging Strike
1-2: Strikes out swinging
Top of the 1st over - 1 run(s), 2 hit(s), 0 error(s), 1 left on base; Creighton 1 - Wake Forest 0
BOTTOM OF THE 1ST
Wake Forest Demon Deacons batting - Pitching for Creighton Blue Jays : RHP George Williams
Pitching: RHP George Williams
Batting: RHB Leonard Conway 0-0: Ball
1-0: SOLO HOME RUN (Flyball, 9LD), Distance : 333 ft
Batting: LHB Barry Pierce 0-0: Called Strike
0-1: Called Strike
0-2: Strikes out swinging
Batting: RHB Roger Blair 0-0: Called Strike
0-1: SINGLE (Groundball, 4MD)
Batting: RHB Andrew Ford 0-0: Ball
1-0: Called Strike
1-1: Foul Ball, location: 2F
1-2: Strikes out swinging
Batting: LHB Dax Valdéz 0-0: Fly out, F9 (Flyball, 89S)
Bottom of the 1st over - 1 run(s), 2 hit(s), 0 error(s), 1 left on base; Creighton 1 - Wake Forest 1
TOP OF THE 2ND
Creighton Blue Jays batting - Pitching for Wake Forest Demon Deacons : RHP Lloyd Jones
Batting: LHB Rob Johnstone 0-0: Swinging Strike
0-1: Ball
1-1: Swinging Strike
1-2: SINGLE (Groundball, 6MD)
Batting: LHB Steve Edwards 0-0: Ball
1-0: Fly out, F7 (Flyball, 7S)
Batting: RHB Matt Cole 0-0: Ball
1-0: Ball
2-0: Called Strike
2-1: SINGLE (Flyball, 78S)
Rob Johnstone to second
Batting: RHB Jaime Aguirre 0-0: Ball
1-0: Ball
2-0: Foul Ball, location: 2F
2-1: Ball
3-1: Foul Ball, location: 2F
3-2: 3-RUN HOME RUN (Flyball, 9D), Distance : 370 ft
Batting: LHB Marcos Torres 0-0: Ball
1-0: Fly out, F3 (Popup, 3S)
Batting: RHB Carlos Gómez 0-0: Fly out, F9 (Line Drive, 9)
Top of the 2nd over - 3 run(s), 3 hit(s), 0 error(s), 0 left on base; Creighton 4 - Wake Forest 1
BOTTOM OF THE 2ND
Wake Forest Demon Deacons batting - Pitching for Creighton Blue Jays : RHP George Williams
Batting: LHB Josh Domínguez 0-0: Ball
1-0: Foul Ball, location: 2F
1-1: Foul Ball, location: 2F
1-2: Strikes out looking
Batting: SHB José Salazar 0-0: Ball
1-0: Ball
2-0: Called Strike
2-1: Foul Ball, location: 2F
2-2: Ball
3-2: Base on Balls
Batting: RHB Wilbert Bernard 0-0: Ball
Passed Ball!
José Salazar to second
1-0: Ball
2-0: Foul Ball, location: 2F
2-1: Foul Ball, location: 2F
2-2: Ground out 5-3 (Groundball, 56)
Batting: RHB Felipe Costa 0-0: Swinging Strike
0-1: Ball
1-1: Ball
2-1: Ball
3-1: Base on Balls
Batting: RHB Leonard Conway 0-0: Ball
1-0: Called Strike
1-1: Called Strike
1-2: Fly out, F8 (Flyball, 8RM)
Bottom of the 2nd over - 0 run(s), 0 hit(s), 0 error(s), 2 left on base; Creighton 4 - Wake Forest 1
TOP OF THE 3RD
Creighton Blue Jays batting - Pitching for Wake Forest Demon Deacons : RHP Lloyd Jones
Batting: LHB Brady Phillips 0-0: Called Strike
0-1: Foul Ball, location: 2F
0-2: Foul Ball, location: 2F
0-2: Reached on error, E3 (Popup, 34S)
Batting: RHB Terry Collins 0-0: Called Strike
0-1: Ball
1-1: Ball
2-1: SINGLE (Line Drive, 9S)
Brady Phillips to second
Batting: LHB Pedro Oropesa 0-0: Called Strike
Brady Phillips is caught stealing 3rd base
Terry Collins to second
0-1: SINGLE (Flyball, 7LS)
Terry Collins to third
Batting: LHB Rob Johnstone 0-0: Ball
Pedro Oropesa steals 2nd base
1-0: SINGLE (Line Drive, 6MD)
Terry Collins scores
Pedro Oropesa to third
Batting: LHB Steve Edwards 0-0: Foul Ball, location: 2F
0-1: Ball
1-1: Ball
2-1: SINGLE (Groundball, 56D)
Pedro Oropesa scores
Rob Johnstone to second
Batting: RHB Matt Cole 0-0: Fly out, F7 (Flyball, 7LM)
Batting: RHB Jaime Aguirre 0-0: Foul Ball, location: 2F
0-1: Foul Ball, location: 2F
0-2: Ball
1-2: Ball
2-2: Strikes out looking
Top of the 3rd over - 2 run(s), 4 hit(s), 1 error(s), 2 left on base; Creighton 6 - Wake Forest 1
BOTTOM OF THE 3RD
Wake Forest Demon Deacons batting - Pitching for Creighton Blue Jays : RHP George Williams
Batting: LHB Barry Pierce 0-0: Called Strike
0-1: Ball
1-1: Fly out, F9 (Line Drive, 89M)
Batting: RHB Roger Blair 0-0: Called Strike
0-1: SINGLE (Flyball, 8RS)
Batting: RHB Andrew Ford 0-0: Called Strike
0-1: Foul Ball, location: 2F
0-2: Ball
1-2: Ball
2-2: Foul Ball, location: 2F
2-2: Strikes out looking
Batting: LHB Dax Valdéz 0-0: Ball
1-0: Foul Ball, location: 2F
1-1: Ball
2-1: Fly out, F9 (Flyball, 9)
Bottom of the 3rd over - 0 run(s), 1 hit(s), 0 error(s), 1 left on base; Creighton 6 - Wake Forest 1
TOP OF THE 4TH
Creighton Blue Jays batting - Pitching for Wake Forest Demon Deacons : RHP Lloyd Jones
Pitching: LHP Mike Hill
Batting: LHB Marcos Torres 0-0: Called Strike
0-1: Ball
1-1: Ball
2-1: Ball
3-1: Base on Balls
Batting: RHB Carlos Gómez 0-0: Ball
1-0: Ball
2-0: Ball
3-0: Base on Balls
Marcos Torres to second
Batting: LHB Brady Phillips 0-0: Ball
1-0: Ball
2-0: Ball
3-0: Called Strike
3-1: Base on Balls
Marcos Torres to third
Carlos Gómez to second
Batting: RHB Terry Collins 0-0: Fly out, F9 (Flyball, 9LSF)
Runner from 3rd tags up, SCORES, no throw
Batting: LHB Pedro Oropesa 0-0: SINGLE (Groundball, 56) (infield hit)
Carlos Gómez to third
Brady Phillips to second
Batting: LHB Rob Johnstone 0-0: Called Strike
0-1: Swinging Strike
0-2: Ball
1-2: Ball
2-2: Foul Ball, location: 2F
2-2: Strikes out swinging
Batting: LHB Steve Edwards 0-0: Ball
1-0: Swinging Strike
1-1: Called Strike
1-2: Ball
2-2: Strikes out swinging
Top of the 4th over - 1 run(s), 1 hit(s), 0 error(s), 3 left on base; Creighton 7 - Wake Forest 1
BOTTOM OF THE 4TH
Wake Forest Demon Deacons batting - Pitching for Creighton Blue Jays : RHP George Williams
Batting: LHB Josh Domínguez 0-0: Ball
1-0: Swinging Strike
1-1: Reaches on Catchers interference
Batting: SHB José Salazar 0-0: Ball
1-0: Ball
2-0: Swinging Strike
2-1: Ball
3-1: 2-RUN HOME RUN (Flyball, 8LXD), Distance : 411 ft
Batting: RHB Wilbert Bernard 0-0: Ball
1-0: Ball
2-0: Foul Ball, location: 2F
2-1: Ball
3-1: Base on Balls
Batting: RHB Felipe Costa 0-0: Called Strike
0-1: Fly out, F5 (Line Drive, 5S)
Batting: RHB Leonard Conway 0-0: Ball
1-0: Foul Ball, location: 2F
1-1: Ball
2-1: Ball
3-1: Base on Balls
Wilbert Bernard to second
Batting: LHB Barry Pierce 0-0: Called Strike
Wilbert Bernard is caught stealing 3rd base
Leonard Conway to second
0-1: Ball
1-1: Ball
2-1: Fly out, F9 (Flyball, 9LS)
Bottom of the 4th over - 2 run(s), 1 hit(s), 1 error(s), 1 left on base; Creighton 7 - Wake Forest 3
TOP OF THE 5TH
Creighton Blue Jays batting - Pitching for Wake Forest Demon Deacons : LHP Mike Hill
Batting: RHB Matt Cole 0-0: Called Strike
0-1: SINGLE (Flyball, 78S)
Batting: RHB Jaime Aguirre 0-0: Ball
1-0: Swinging Strike
1-1: Swinging Strike
1-2: Ball
2-2: Strikes out swinging
Batting: LHB Marcos Torres 0-0: Called Strike
0-1: Called Strike
0-2: Foul Ball, location: 2F
0-2: Strikes out swinging
Batting: RHB Carlos Gómez 0-0: Ball
1-0: Swinging Strike
1-1: Ball
2-1: Fielders Choice at 2nd, 6-4 (Groundball, 56)
Top of the 5th over - 0 run(s), 1 hit(s), 0 error(s), 0 left on base; Creighton 7 - Wake Forest 3
BOTTOM OF THE 5TH
Wake Forest Demon Deacons batting - Pitching for Creighton Blue Jays : RHP George Williams
Batting: RHB Roger Blair 0-0: Called Strike
0-1: DOUBLE (Flyball, 78XD)
Batting: RHB Andrew Ford 0-0: Fly out, F6 (Popup, 6)
Batting: LHB Dax Valdéz 0-0: Called Strike
0-1: SINGLE (Flyball, 78S)
Roger Blair to third
Runner from 3rd tries for Home, SAFE, no throw
Pitching: LHP Jerry Saunders
Batting: LHB Josh Domínguez 0-0: Ball
1-0: DOUBLE (Groundball, 3L)
Dax Valdéz to third
Batting: SHB José Salazar 0-0: Foul Ball, location: 2F
0-1: Ball
1-1: Swinging Strike
1-2: Ball
2-2: Foul Ball, location: 2F
2-2: Strikes out swinging
Batting: RHB Wilbert Bernard 0-0: Ground out 5-3 (Groundball, 56)
Bottom of the 5th over - 1 run(s), 3 hit(s), 0 error(s), 2 left on base; Creighton 7 - Wake Forest 4
TOP OF THE 6TH
Creighton Blue Jays batting - Pitching for Wake Forest Demon Deacons : LHP Mike Hill
Batting: LHB Brady Phillips 0-0: Called Strike
0-1: Ball
1-1: Foul Ball, location: 2F
1-2: Ball
2-2: Ball
3-2: Foul Ball, location: 2F
3-2: Base on Balls
Pitching: RHP Gunner Clark
Batting: RHB Terry Collins 0-0: Ball
1-0: Swinging Strike
1-1: Ball
2-1: Ball
3-1: SINGLE (Line Drive, 34D)
Brady Phillips to second
Runner from 2nd tries for 3rd, SAFE, no throw
Batting: LHB Pedro Oropesa 0-0: Ball
1-0: Ball
2-0: Ball
3-0: Base on Balls
Terry Collins to second
Batting: LHB Rob Johnstone 0-0: Called Strike
0-1: Ball
1-1: Ball
2-1: DOUBLE (Groundball, 3L)
Brady Phillips scores
Terry Collins scores
Pedro Oropesa to third
Batting: LHB Steve Edwards 0-0: Ball
1-0: Foul Ball, location: 2F
1-1: Fly out, F7 (Flyball, 7S)
Batting: RHB Matt Cole 0-0: Ground out 6-3 (Groundball, 6)
Pedro Oropesa scores
Batting: RHB Jaime Aguirre 0-0: Fly out, F9 (Flyball, 9)
Top of the 6th over - 3 run(s), 2 hit(s), 0 error(s), 1 left on base; Creighton 10 - Wake Forest 4
BOTTOM OF THE 6TH
Wake Forest Demon Deacons batting - Pitching for Creighton Blue Jays : LHP Jerry Saunders
Batting: RHB Felipe Costa 0-0: Ball
1-0: Called Strike
1-1: Called Strike
1-2: Ball
2-2: Foul Ball, location: 2F
2-2: Foul Ball, location: 2F
2-2: Strikes out swinging
Batting: RHB Leonard Conway 0-0: Ball
1-0: Ball
2-0: Called Strike
2-1: Ball
3-1: Foul Ball, location: 2F
3-2: Strikes out swinging
Batting: LHB Barry Pierce 0-0: Ball
1-0: Swinging Strike
1-1: Ball
2-1: SINGLE (Line Drive, 6)
Batting: RHB Roger Blair 0-0: Ball
1-0: Ball
2-0: Ball
3-0: Called Strike
3-1: Called Strike
3-2: Base on Balls
Barry Pierce to second
Batting: RHB Andrew Ford 0-0: Called Strike
0-1: Foul Ball, location: 2F
0-2: Foul Ball, location: 2F
0-2: Foul Ball, location: 2F
0-2: Ball
1-2: Foul Ball, location: 2F
1-2: Foul Ball, location: 2F
1-2: Ball
2-2: Ball
3-2: Base on Balls
Barry Pierce to third
Roger Blair to second
Batting: LHB Dax Valdéz 0-0: Ball
1-0: Ball
2-0: Swinging Strike
2-1: Foul Ball, location: 2F
2-2: Ball
3-2: Fly out, F8 (Flyball, 78M)
Bottom of the 6th over - 0 run(s), 1 hit(s), 0 error(s), 3 left on base; Creighton 10 - Wake Forest 4
TOP OF THE 7TH
Creighton Blue Jays batting - Pitching for Wake Forest Demon Deacons : RHP Gunner Clark
Batting: LHB Marcos Torres 0-0: Ball
1-0: Ball
2-0: Ball
3-0: Base on Balls
Batting: RHB Carlos Gómez 0-0: Ball
1-0: Foul Ball, location: 2F
1-1: Ball
2-1: Swinging Strike
2-2: Ball
3-2: Fly out, F8 (Flyball, 8RM)
Batting: LHB Brady Phillips 0-0: Ball
1-0: Ball
2-0: Called Strike
2-1: Called Strike
2-2: Ball
3-2: Ground out 6-3 (Groundball, 6M)
Marcos Torres to second
Batting: RHB Terry Collins 0-0: Ball
1-0: Ball
2-0: SINGLE (Groundball, 3D)
Marcos Torres to third
Runner from 3rd tries for Home, SAFE, no throw
Pitching: RHP Carl Morris
Batting: LHB Pedro Oropesa 0-0: Called Strike
0-1: Ball
1-1: Foul Ball, location: 2F
1-2: Foul Ball, location: 2F
1-2: Reached on error, E5 (Groundball, 56)
Terry Collins to second
Batting: LHB Rob Johnstone 0-0: Foul Ball, location: 2F
0-1: Ball
1-1: Foul Ball, location: 2F
1-2: Foul Ball, location: 2F
1-2: Fly out, F9 (Flyball, 89M)
Top of the 7th over - 1 run(s), 1 hit(s), 1 error(s), 2 left on base; Creighton 11 - Wake Forest 4
BOTTOM OF THE 7TH
Wake Forest Demon Deacons batting - Pitching for Creighton Blue Jays : LHP Jerry Saunders
Batting: LHB Josh Domínguez 0-0: Fly out, F3 (Popup, 34)
Batting: SHB José Salazar 0-0: Ball
1-0: SINGLE (Groundball, 56D)
Batting: RHB Wilbert Bernard 0-0: Ball
1-0: Called Strike
1-1: Foul Ball, location: 2F
1-2: Ball
2-2: Grounds into double play, 6-4-3 (Groundball, 6)
Bottom of the 7th over - 0 run(s), 1 hit(s), 0 error(s), 0 left on base; Creighton 11 - Wake Forest 4
TOP OF THE 8TH
Creighton Blue Jays batting - Pitching for Wake Forest Demon Deacons : RHP Carl Morris
Batting: LHB Steve Edwards 0-0: Foul Ball, location: 2F
0-1: Called Strike
0-2: Strikes out looking
Batting: RHB Matt Cole 0-0: Ball
1-0: Ball
2-0: Ball
3-0: Base on Balls
Batting: RHB Jaime Aguirre 0-0: Foul Ball, location: 2F
0-1: Grounds into double play, 6-4-3 (Groundball, 6)
Top of the 8th over - 0 run(s), 0 hit(s), 0 error(s), 0 left on base; Creighton 11 - Wake Forest 4
BOTTOM OF THE 8TH
Wake Forest Demon Deacons batting - Pitching for Creighton Blue Jays : LHP Jerry Saunders
Pitching: RHP David Chávez
Batting: RHB Felipe Costa 0-0: Foul Ball, location: 2F
0-1: Ball
1-1: Ball
2-1: Foul Ball, location: 2F
2-2: Strikes out swinging
Batting: RHB Leonard Conway 0-0: Ball
1-0: Foul Ball, location: 2F
1-1: Called Strike
1-2: Fly out, F9 (Flyball, 9LMF)
Batting: LHB Barry Pierce 0-0: Ball
1-0: Ball
2-0: Called Strike
2-1: Ball
3-1: Called Strike
3-2: Base on Balls
Batting: RHB Roger Blair 0-0: Called Strike
0-1: Swinging Strike
0-2: Strikes out swinging
Bottom of the 8th over - 0 run(s), 0 hit(s), 0 error(s), 1 left on base; Creighton 11 - Wake Forest 4
TOP OF THE 9TH
Creighton Blue Jays batting - Pitching for Wake Forest Demon Deacons : RHP Carl Morris
Batting: LHB Marcos Torres 0-0: Ball
1-0: Ball
2-0: Foul Ball, location: 2F
2-1: Ball
3-1: Foul Ball, location: 2F
3-2: Strikes out swinging
Pinch Hitting: RHB Ed Lindsey 0-0: Ball
1-0: Ball
2-0: Foul Ball, location: 2F
2-1: Foul Ball, location: 2F
2-2: Ball
3-2: Foul Ball, location: 2F
3-2: TRIPLE (Flyball, 8LD)
Batting: LHB Brady Phillips 0-0: Foul Ball, location: 2F
0-1: Foul Ball, location: 2F
0-2: Ball
1-2: Ball
2-2: Foul Ball, location: 2F
2-2: Fly out, F7 (Line Drive, 78M)
Runner from 3rd tags up, SCORES, no throw
Batting: RHB Terry Collins 0-0: Ball
1-0: Called Strike
1-1: Ball
2-1: Swinging Strike
2-2: Strikes out swinging
Top of the 9th over - 1 run(s), 1 hit(s), 0 error(s), 0 left on base; Creighton 12 - Wake Forest 4
BOTTOM OF THE 9TH
Wake Forest Demon Deacons batting - Pitching for Creighton Blue Jays : RHP David Chávez
Now at 1B: Miguel Maldonado
Batting: RHB Andrew Ford 0-0: Ball
1-0: Ground out 6-3 (Groundball, 6D)
Batting: LHB Dax Valdéz 0-0: Swinging Strike
0-1: Ball
1-1: Ball
2-1: Foul Ball, location: 2F
2-2: Foul Ball, location: 2F
2-2: Foul Ball, location: 2F
2-2: Ball
3-2: Foul Ball, location: 2F
3-2: Strikes out swinging
Batting: LHB Josh Domínguez 0-0: Ball
1-0: Ball
2-0: Ball
3-0: Called Strike
3-1: Foul Ball, location: 2F
3-2: Base on Balls
Batting: SHB José Salazar 0-0: Called Strike
0-1: Ball
1-1: 2-RUN HOME RUN (Flyball, 9LD), Distance : 326 ft
Batting: RHB Wilbert Bernard 0-0: Ball
1-0: Ball
2-0: Foul Ball, location: 2F
2-1: Foul Ball, location: 2F
2-2: Ground out 5-3 (Groundball, 5L)
Bottom of the 9th over - 2 run(s), 1 hit(s), 0 error(s), 0 left on base; Creighton 12 - Wake Forest 6
Thursday, March 30th, 2017 - OOTP Baseball 17.12 Build 75